 Dungeon Crawl Stone Soup version 0.27-a0-1312-g5cdb2b3542 (webtiles) character file.

Game seed: 4609486945577395510

79 bjtr the Stinger (level 4, 0/26 HPs)
             Began as a Gargoyle Venom Mage on June 20, 2021.
             Splashed by a jelly's acid (6 damage)
             ... on level 3 of the Dungeon.
             The game lasted 00:12:01 (2731 turns).

bjtr the Stinger (Gargoyle Venom Mage)              Turns: 2731, Time: 00:12:05

Health: 0/26       AC:  1    Str: 12    XL:     4   Next: 37%
Magic:  8/8        EV: 12    Int: 16    God:
Gold:   180        SH:  0    Dex: 10    Spells: 7/8 levels left

rFire    . . .     SeeInvis .   k - +0 mace
rCold    . . .     Faith    .   (no shield)
rNeg     + . .     Spirit   .   d - +0 robe
rPois    ∞         Reflect  .   (no helmet)
rElec    +         Harm     .   (no cloak)
rCorr    .         Rampage  .   (no gloves)
Will     .....                  (no boots)
Stlth    ++........             (no amulet)
HPRegen  0.08/turn              (no ring)
MPRegen  0.11/turn              (no ring)

@: corroded
A: sickness immunity, AC +3, negative energy resistance 1, electricity
resistance, torment resistance 1, petrification resistance
a: no special abilities


You were on level 3 of the Dungeon.
You visited 1 branch of the dungeon, and saw 3 of its levels.

You collected 180 gold pieces.

Inventory:

Hand Weapons
 a - a +0 hand axe
 c - a +0 dagger
 k - a +0 mace (weapon)
 n - a +0 hunting sling
Missiles
 e - 33 sling bullets
 f - 16 bolts
 q - 25 poisoned darts
Armour
 d - a +0 robe (worn)
Magical Staves
 b - a staff of poison
Scrolls
 g - a scroll of vulnerability {unknown}
 i - a scroll of immolation {unknown}
 l - a scroll of noise {unknown}
 m - a scroll of enchant weapon {unknown}
 p - a scroll of identify {unknown}
 r - a scroll of blinking {unknown}
Potions
 h - a potion of might {unknown}
 j - a potion of lignification {unknown}
 o - a potion of magic {unknown}


   Skills:
 * Level 1.9 Fighting
 + Level 1.6 Dodging
 + Level 2.4 Stealth
 * Level 2.8 Spellcasting
 + Level 1.3 Transmutations
 + Level 3.5 Poison Magic


You had 7 spell levels left.
You knew the following spells:

 Your Spells              Type           Power      Damage    Failure   Level
a - Sting                 Tmut/Pois      40%        1d5       7%          1

Your spell library contained the following spells:

 Spells                   Type           Power      Damage    Failure   Level
 Poisonous Vapours        Pois/Air       14%        N/A       14%         2
 Ignite Poison            Fire/Tmut/Pois 7%         N/A       30%         3
 Mephitic Cloud           Conj/Pois/Air  6%         N/A       34%         3
 Olgreb's Toxic Radiance  Pois           13%        N/A       41%         4


Dungeon Overview and Level Annotations

Branches:
Dungeon (3/15)

Altars:
Wu Jian


Innate Abilities, Weirdness & Mutations

You are immune to sickness and miasma.
Your stone body is resilient. (AC +3)
You are immune to poison.
You resist negative energy. (rN+)
You are resistant to electric shocks. (rElec)
You are resistant to unholy torment.
You are immune to petrification.


Message History

There is a stone staircase leading up here.
The jelly misses you.
You climb upwards.
There is a stone staircase leading down here.
The jelly completely misses you.
You climb downwards.
There is a stone staircase leading up here.
The jelly barely misses you.
You climb upwards.
There is a stone staircase leading down here.
The jelly hits you but does no damage.
You climb downwards.
There is a stone staircase leading up here.
The jelly misses you.
You climb upwards.
There is a stone staircase leading down here.
The jelly hits you.
You are splashed with acid!
* * * LOW HITPOINT WARNING * * *
You climb downwards.
There is a stone staircase leading up here.
There is a stone staircase leading up here.
The jelly quivers.
The jelly jiggles.
You climb upwards.
There is a stone staircase leading down here.
You start resting.
HP restored.
You climb downwards.
The jelly misses you.
There is a stone staircase leading up here.
You hit the jelly but do no damage.
Your hands burn!
The jelly closely misses you. The jelly hits you.
You are splashed with acid!
You hit the jelly.
Your hands burn!
The jelly is moderately wounded.
The jelly barely misses you.
You hit the jelly but do no damage.
Your hands burn!
* * * LOW HITPOINT WARNING * * *
The jelly is moderately wounded.
The jelly hits you.
* * * LOW HITPOINT WARNING * * *
The acid corrodes you!
You are splashed with acid.
You die...

##.....## ##...##
#.......# ##.....##
#.......###.......#
#.......##.........#
#.......'...........
##J....##..........##
#..#..###.......#.#
#.##..# ##.....##.#
#..@J.# ##...##
####.## #+## #.# #.#
#.. ... .... ###.


You could see a jelly.

Vanquished Creatures
  3 adders
  An orc (D:3)
  5 endoplasms
  4 giant cockroaches
  3 goblins
  7 hobgoblins
  8 jackals (D:1)
  3 kobolds
  2 quokkas
  2 ball pythons
  2 bats
  4 frilled lizards
  2 rats (D:1)
46 creatures vanquished.

Notes
Turn   | Place    | Note
-------+----------+-------------------------------------------
     0 | D:1      | bjtr the Gargoyle Venom Mage began the quest for the Orb.
     0 | D:1      | Reached XP level 1. HP: 10/10 MP: 3/3
   116 | D:1      | Reached skill level 1 in Fighting
   116 | D:1      | Reached XP level 2. HP: 12/16 MP: 1/5
   391 | D:1      | Reached skill level 1 in Transmutations
   465 | D:1      | Reached XP level 3. HP: 20/20 MP: 2/6
   611 | D:1      | You fall into a shaft and drop 1 floor!
   872 | D:2      | Found a faded altar of an unknown god.
  1383 | D:2      | Reached XP level 4. HP: 26/26 MP: 4/8
  1944 | D:3      | Found an ornate altar of the Wu Jian Council.
  2211 | D:3      | HP: 1/26 [acid (9)]
  2731 | D:3      | Splashed by a jelly's acid

Illustrated notes

Levels and vault maps discovered:
D:1:      tarquinn_simple_flora_water_c, layout_basic
D:2:      layout_basic, ebering_ecumenical_altar_hall
D:3:      layout_loops_corners, lemuel_crystal_altar

Skill      XL: |  1  2 |
---------------+-------+-----
Fighting       | 1 |  1.9
Transmutations | 1 |  1.3
Dodging        | |  1.6
Stealth        | |  2.4
Spellcasting   | |  2.8
Poison Magic   | |  3.5

Action                   |  1- 3 |  4- 6 || total
-------------------------+-------+-------++-------
Melee: Hand axe          |    51 |       ||    51
       Dagger            |     1 |       ||     1
       Staff             |    11 |    40 ||    51
       Mace              |       |     4 ||     4
 Cast: Sting             |    37 |     4 ||    41
 Stab: Sleeping          |     2 |     1 ||     3
Armor: Robe              |    25 |    21 ||    46
Dodge: Dodged            |    50 |    31 ||    81

Table legend: (Time is in decaauts)
 A = Elapsed time spent in this place.
 B = Non-inter-level travel time spent in this place.
 C = Inter-level travel time spent in this place.
 D = Time resting spent in this place.
 E = Time spent auto-exploring this place.
 F = Levels seen in this place.
 G = Mean time per level.
                   A        B        C        D        E       F      G
               +--------+--------+--------+--------+--------+-----+--------+
         Total |   2765 |   2681 |     84 |    511 |   1489 |   3 |  921.7 |
       Dungeon |   2765 |   2681 |     84 |    511 |   1489 |   3 |  921.7 |
               +--------+--------+--------+--------+--------+-----+--------+

Top non-repeatable levels by time:
     D:2: 1181 daAuts
     D:1: 925 daAuts
     D:3: 657 daAuts
